 Dungeon Crawl Stone Soup version 0.21.1-1-g345015fe64 (webtiles) character file.

7679 MsStandart the Cleaver (level 10, -1/94 HPs)
             Began as a Minotaur Berserker on June 18, 2018.
             Was a High Priest of Trog.
             Slain by Bapho's ghost (28 damage)
             ... on level 10 of the Dungeon on June 19, 2018.
             The game lasted 00:39:13 (8300 turns).

MsStandart the Cleaver (Minotaur Berserker)         Turns: 8300, Time: 00:39:14

Health: -1/94      AC: 10    Str: 31    XL:     10   Next: 99%
Magic:  0/4        EV: 12    Int:  4    God:    Trog [*****.]
Gold:   543        SH:  0    Dex: 11    Spells: 9/9 levels left

rFire    . . .     SeeInvis .   b - +6 war axe "Ditwot" {antimagic, rElec rPois Str+7}
rCold    + . .     Gourm    .   (no shield)
rNeg     . . .     Faith    .   v - +4 moon troll leather armour {Spirit, Regen++ MP+5}
rPois    +         Spirit   +   u - +1 hat
rElec    +         Reflect  .   (no cloak)
rCorr    .         Harm     .   (no gloves)
MR       .....                  (no boots)
Stlth    +.........             (no amulet)
HPRegen  1.05/turn              h - ring of poison resistance
MPRegen  0.09/turn              w - ring of protection from cold

@: berserk cooldown, slowed, very slow
A: retaliatory headbutt, horns 2
a: Berserk, Trog's Hand, Brothers in Arms, Burn Spellbooks, Renounce Religion


You were on level 10 of the Dungeon.
You worshipped Trog.
Trog was extremely pleased with you.
You were hungry.

You visited 1 branch of the dungeon, and saw 10 of its levels.

You collected 543 gold pieces.

Inventory:

Hand Weapons
 b - the +6 war axe "Ditwot" (weapon) {antimagic, rElec rPois Str+7}
   (You found it on level 5 of the Dungeon)

   It reduces the magical energy of the wielder, and disrupts the spells and
   magical abilities of those hit.
   Natural abilities and divine invocations are not affected.
   It affects your strength (+7).
   It insulates you from electricity.
   It protects you from poison.
 k - a +0 great mace
 B - a +1 morningstar of protection
Armour
 u - a +1 hat (worn)
 v - the +4 moon troll leather armour (worn) {Spirit, Regen++ MP+5}
   (You found it on level 4 of the Dungeon)

   It affects your magic capacity (+5).
   It increases your rate of regeneration.
 F - a +0 plate armour
Jewellery
 h - a ring of poison resistance (left hand)
 w - a ring of protection from cold (right hand)
 D - an uncursed amulet of harm
Wands
 l - a wand of polymorph (11)
 s - a wand of random effects (25)
 y - a wand of flame (26)
Scrolls
 a - a scroll of remove curse
 i - 2 scrolls of enchant armour
 n - a scroll of teleportation
 p - a scroll of fog
 t - 2 scrolls of magic mapping
 x - 2 scrolls of silence
Potions
 d - 6 potions of curing
 e - a potion of agility
 f - 3 potions of flight
 j - a potion of mutation {unknown}
 m - 2 potions of resistance
 o - a potion of magic {unknown}
 q - a potion of haste
 r - 2 potions of heal wounds
 z - a potion of cancellation {unknown}
 C - a potion of invisibility {unknown}
 G - a potion of degeneration {unknown}
Comestibles
 c - 27 rations
 g - 5 chunks of flesh


   Skills:
 + Level 10.7 Fighting
 * Level 11.3(12.6) Axes
 - Level 9.3(11.6) Maces & Flails
 + Level 10.4 Armour
 - Level 2.1 Dodging


You had 9 spell levels left.
You didn't know any spells.

Dungeon Overview and Level Annotations

Branches:
Dungeon (10/15)            Temple (0/1) D:6
   Lair: D:8-11         Orc: D:9-12

Altars:
Ashenzari
Cheibriados
Elyvilon
Gozag
Hepliaklqana
Kikubaaqudgha
Nemelex Xobeh
Qazlal
Sif Muna
Trog
Uskayaw
Vehumet
Xom
Yredelemnul
Zin

Shops:
D:4 (   D:5 =(%(

Annotations:
D:6 2 transporters
D:10 Bapho's ghost, novice TrBe


Innate Abilities, Weirdness & Mutations

You reflexively headbutt those who attack you in melee.
You have a pair of horns on your head.


Message History

Bapho's ghost is moderately damaged.
Bapho's ghost closely misses you.
You closely miss Bapho's ghost. You headbutt Bapho's ghost.
Bapho's ghost is moderately damaged.
You slice Bapho's ghost!! Your headbutt misses Bapho's ghost.
Bapho's ghost is severely damaged.
Bapho's ghost hits you!!!
* * * LOW HITPOINT WARNING * * *
You are too berserk!
You see here a potion of curing.
You are too berserk!
You feel a strong urge to attack something.
You feel your anger nearly subside.
You are no longer berserk.
You are exhausted.
You feel yourself slow down.
Bapho's ghost wails.
There is an open door here.
Bapho's ghost hits you!!
You die...

#.# #.# #.# .. #.#
....###.#
........#
.######'##########
#......W........#
#.......@.......#
#...............#
#...........)...#
#.....##....<...#
#.....##.....)..#
#...............#
##'#####........#
#.....##........#
#...............#


You could see Bapho's ghost.

Vanquished Creatures
  A two-headed ogre (D:8)
  Psyche (D:8)
  A queen bee (D:9)
  Grinder (D:4)
  A hippogriff (D:8)
  Sigmund (D:2)
  The ghost of tim133133 the Shield-Bearer, an amateur DDFi (D:3)
  3 hogs (D:9)
  6 yaks (D:9)
  A human (D:9)
  An orc warrior (D:9)
  2 phantoms
  A black bear (D:8)
  A necrophage (D:9)
  5 ogres
  3 sky beasts
  3 centaurs
  4 big kobolds
  8 bullfrogs
  A water moccasin zombie (D:9)
  A wyvern skeleton (D:6)
  A scorpion (D:9)
  19 killer bees (D:9)
  8 howler monkeys
  3 crimson imps
  3 bullfrog zombies
  4 hounds
  3 jellies
  4 iguanas
  Natasha (thrice) (D:3)
  2 orc wizards
  5 worker ants
  A hound skeleton (D:8)
  3 gnolls (D:5)
  10 adders
  2 howler monkey skeletons
  2 adder zombies
  2 adder skeletons
  3 worms
  5 dart slugs
  2 leopard geckos
  12 orcs
  3 ball pythons
  5 bats
  4 giant cockroaches
  10 goblins
  12 hobgoblins
  16 jackals
  23 kobolds
  7 quokkas
  4 frilled lizards
  A leopard gecko zombie (D:6)
  9 rats
238 creatures vanquished.

Vanquished Creatures (others)
  5 dream sheep (D:8)
5 creatures vanquished.

Grand Total: 243 creatures vanquished

Notes
Turn   | Place    | Note
-------+----------+-------------------------------------------
     0 | D:1      | MsStandart the Minotaur Berserker began the quest for the Orb.
     0 | D:1      | Reached XP level 1. HP: 19/19 MP: 0/0
   184 | D:1      | Reached XP level 2. HP: 27/27 MP: 1/1
   497 | D:1      | Reached XP level 3. HP: 27/33 MP: 2/2
   546 | D:1      | Reached ** piety under Trog
  1010 | D:2      | Found a white marble altar of Elyvilon.
  1076 | D:2      | Noticed Sigmund
  1092 | D:2      | Killed Sigmund
  1092 | D:2      | Reached XP level 4. HP: 41/41 MP: 3/3
  1092 | D:2      | Reached XP level 5. HP: 47/47 MP: 4/4
  1213 | D:2      | Noticed a dagger
  1213 | D:2      | Noticed a dagger
  1217 | D:2      | Found a hide-covered altar of Uskayaw.
  1372 | D:2      | Found a basalt altar of Yredelemnul.
  1416 | D:2      | Found a shattered altar of Ashenzari.
  1446 | D:2      | Reached skill level 5 in Fighting
  1638 | D:2      | You fall through a shaft!
  1944 | D:3      | Noticed Natasha
  1947 | D:3      | Killed Natasha
  1947 | D:3      | Reached XP level 6. HP: 56/56 MP: 5/5
  2064 | D:3      | Noticed tim133133's ghost (amateur DDFi)
  2064 | D:3      | Reached *** piety under Trog
  2089 | D:3      | Noticed Natasha
  2092 | D:3      | Killed tim133133's ghost
  2369 | D:3      | Reached skill level 5 in Armour
  2369 | D:3      | Reached XP level 7. HP: 52/62 MP: 6/6
  2377 | D:3      | Killed Natasha
  2546 | D:3      | Noticed Natasha
  2550 | D:3      | Killed Natasha
  3064 | D:4      | Noticed Grinder
  3072 | D:4      | Paralysed by Grinder for 5 turns
  3082 | D:4      | Killed Grinder
  3092 | D:4      | Found the +4 moon troll leather armour {Spirit, Regen++ MP+5}
  3294 | D:4      | Reached XP level 8. HP: 71/71 MP: 7/7
  3515 | D:4      | Found a hazy altar of Hepliaklqana.
  3631 | D:4      | Found Ymerreull's Antique Weapon Shoppe.
  3805 | D:5      | Entered Level 5 of the Dungeon
  3841 | D:5      | Found a sparkling altar of Nemelex Xobeh.
  3908 | D:5      | Reached **** piety under Trog
  3971 | D:5      | Found Reazax's Antique Weapon Emporium.
  4163 | D:5      | Found Ukodor's Jewellery Boutique.
  4363 | D:5      | Found Waiwneshro's Antique Weapon Emporium.
  4428 | D:5      | Found Aqibekh's Food Emporium.
  4440 | D:5      | Got a fine war axe
  4456 | D:5      | Identified the +6 war axe "Ditwot" {antimagic, rElec rPois Str+7} (You found it on level 5 of the Dungeon)
  4602 | D:6      | Reached skill level 1 in Axes
  4645 | D:5      | Reached skill level 2 in Axes
  4690 | D:6      | Found a transporter.
  4708 | D:6      | Reached skill level 3 in Axes
  4766 | D:6      | Reached skill level 4 in Axes
  4823 | D:6      | Found a deep blue altar of Sif Muna.
  5031 | D:6      | Found a transporter.
  5105 | D:6      | Found a staircase to the Ecumenical Temple.
  5116 | D:6      | Reached XP level 9. HP: 81/81 MP: 4/8
  5298 | D:6      | Found a stormy altar of Qazlal.
  5299 | D:6      | Found an ancient bone altar of Kikubaaqudgha.
  5367 | D:7      | Reached skill level 5 in Axes
  5674 | D:7      | Reached skill level 6 in Axes
  5766 | D:7      | Reached ***** piety under Trog
  5819 | D:7      | Found an opulent altar of Gozag.
  6041 | D:7      | Found a glowing silver altar of Zin.
  6042 | D:7      | Noticed an angel
  6225 | D:8      | Found a shimmering altar of Xom.
  6449 | D:8      | Noticed a two-headed ogre
  6454 | D:8      | Killed a two-headed ogre
  6454 | D:8      | Reached skill level 8 in Axes
  6743 | D:8      | Noticed Psyche
  6749 | D:8      | Killed Psyche
  6749 | D:8      | Reached XP level 10. HP: 91/91 MP: 4/9
  6770 | D:8      | Reached skill level 9 in Axes
  7019 | D:9      | Found a bloodstained altar of Trog.
  7023 | D:9      | Found a radiant altar of Vehumet.
  7122 | D:9      | Received a gift from Trog
  7193 | D:9      | Found a snail-covered altar of Cheibriados.
  7335 | D:9      | Reached skill level 10 in Fighting
  7335 | D:9      | Reached skill level 10 in Axes
  7481 | D:9      | Reached skill level 10 in Armour
  7669 | D:9      | Reached skill level 11 in Axes
  8179 | D:10     | Entered Level 10 of the Dungeon
  8277 | D:10     | Noticed Bapho's ghost (novice TrBe)
  8300 | D:10     | Slain by Bapho's ghost

Skill      XL: |  1  2  3  4  5  6  7  8  9 10 |
---------------+-------------------------------+-----
Maces & Flails | 4 6 7 8 9 |  9.3
Fighting       | 4 5 6 7 9 10 | 10.7
Armour         | 3 4 5 7 9 10 | 10.4
Axes           | 4 8 11 | 11.3
Dodging        | |  2.1

Action                   |  1- 3 |  4- 6 |  7- 9 | 10-12 || total
-------------------------+-------+-------+-------+-------++-------
Melee: Mace              |    72 |     3 |       |       ||    75
       Headbutt          |    11 |     8 |    47 |    38 ||   104
       Great mace        |       |    64 |    90 |       ||   154
       War axe           |       |       |   126 |   202 ||   328
Invok: Berserk           |     1 |       |     2 |     1 ||     4
       Burn Spellbooks   |       |       |     1 |     1 ||     2
Evoke: Wand              |       |       |     1 |       ||     1
  Use: Scroll            |     2 |     2 |     9 |     6 ||    19
  Eat: Chunk             |     1 |     4 |    17 |     5 ||    27
Armor: Leather armour    |    14 |    12 |    10 |       ||    36
       Animal skin       |     1 |       |       |       ||     1
       Troll leather arm |       |       |    51 |    52 ||   103
Dodge: Dodged            |    74 |    41 |   150 |    96 ||   361
